 Dungeon Crawl Stone Soup version 0.29-a0-575-g0dc89cf053 (webtiles) character file.

Game seed: 3353108658906121908

39 DocClef the Covert (level 3, -13/35 HPs)
             Began as a Gnoll Delver on June 12, 2022.
             Mangled by an orc warrior
             ... wielding a +0 glaive
              (17 damage)
             ... on level 6 of the Dungeon.
             The game lasted 00:00:26 (153 turns).

DocClef the Covert (Gnoll Delver)                    Turns: 153, Time: 00:00:27

Health: -13/35     AC:  3    Str: 11    XL:     3   Next: 47%
Magic:  1/4        EV: 13    Int:  9    God:
Gold:   0          SH:  0    Dex: 15    Spells: 3/3 levels left

rFire   . . .      SeeInvis .   a - +0 short sword
rCold   . . .      Faith    .   (no shield)
rNeg    . . .      Spirit   .   b - +0 leather armour
rPois   .          Reflect  .   (no helmet)
rElec   .          Harm     .   (no cloak)
rCorr   .          Rampage  .   (no gloves)
Will    .....                   (no boots)
Stlth   ++++......              (no amulet)
HPRegen 0.11/turn               (no ring)
MPRegen 0.09/turn               (no ring)

@: lethally poisoned (-13 -> -22)
A: fangs 1, strong nose, distributed training
a: no special abilities


You were on level 6 of the Dungeon.
You visited 1 branch of the dungeon, and saw 2 of its levels.

Inventory:

Hand Weapons
 a - a +0 short sword (weapon)
Armour
 b - a +0 leather armour (worn)
Wands
 g - a wand of digging (3)
Scrolls
 c - a scroll of fog
 d - a scroll of magic mapping
 e - a scroll of fear
 h - a scroll of teleportation {unknown}
Potions
 f - a potion of haste


   Skills:
 + Level 6.5 Fighting
 + Level 4.5 Short Blades
 + Level 0.8 Long Blades
 + Level 0.8 Axes
 + Level 0.8 Maces & Flails
 + Level 0.8 Polearms
 + Level 0.8 Staves
 + Level 0.8 Slings
 + Level 0.8 Bows
 + Level 0.8 Crossbows
 + Level 0.8 Throwing
 + Level 0.8 Armour
 + Level 4.5 Dodging
 + Level 9.6 Stealth
 + Level 0.8 Shields
 + Level 0.8 Unarmed Combat
 + Level 0.8 Spellcasting
 + Level 0.5 Conjurations
 + Level 0.5 Hexes
 + Level 0.5 Summonings
 + Level 0.5 Necromancy
 + Level 0.5 Translocations
 + Level 0.5 Transmutations
 + Level 0.5 Fire Magic
 + Level 0.5 Ice Magic
 + Level 0.5 Air Magic
 + Level 0.5 Earth Magic
 + Level 0.5 Poison Magic
 + Level 1.0 Invocations
 + Level 0.8 Evocations


You had 3 spell levels left.
You didn't know any spells.
Your spell library was empty.

Dungeon Overview and Level Annotations

Branches:
Dungeon (6/15)
 Temple: D:4-7

Altars:


Innate Abilities, Weirdness & Mutations

You have very sharp teeth.
Your uncanny sense of smell can sniff out nearby items.
Your experience applies equally to all skills.


Message History

The howler monkey hoots and howls with incredible vigour!
You hear a shout! x2; You hear a bark!
You hear an angry hiss.
You hit the howler monkey.
The howler monkey is severely wounded.
The howler monkey hits you but does no damage.
You hit the howler monkey.
You kill the howler monkey!
Your Invocations skill increases to level 1!
You have reached level 2!
You have reached level 3!
Your experience leads to an increase in your attributes!
Increase (S)trength, (I)ntelligence, or (D)exterity?
You feel agile. x2
The water moccasin barely misses you.
An orc wizard comes into view. It is wielding a +0 dagger.
The water moccasin closely misses you.
The water moccasin attacks as you move away!
The water moccasin barely misses you.
Things that are here:
a +0 mace; a +0 ring mail You hit the water moccasin.
The water moccasin is lightly wounded.
The water moccasin bites you! The orc warrior barely misses you.
The water moccasin misses you.
You closely miss the water moccasin. Your bite misses the water moccasin.
The water moccasin is lightly wounded.
The orc warrior hits you from afar with a +0 glaive!
* * * LOW HITPOINT WARNING * * *
The water moccasin closely misses you.
You miss the water moccasin.
The water moccasin is lightly wounded.
The water moccasin barely misses you. The orc warrior closely misses you.
You hit the water moccasin. Your bite misses the water moccasin.
The water moccasin is lightly wounded.
The water moccasin bites you.
* * * LOW HITPOINT WARNING * * *
You are lethally poisoned!
The water moccasin poisons you!
The orc warrior hits you from afar with a +0 glaive!
You die...

....S..#
.o....#
#.#...#
#†#...#
#.##o.#
#######.##<>#
........##.##
#######o##.##
........S@..#
#############


You could see an orc warrior, a water moccasin and an orc wizard.

Vanquished Creatures
  A howler monkey (D:6)
  An orc (D:6)
2 creatures vanquished.

Notes
Turn   | Place    | Note
-------+----------+-------------------------------------------
     0 | D:5      | Reached skill level 9 in Stealth
     0 | D:5      | DocClef the Gnoll Delver began the quest for the Orb.
     0 | D:5      | Reached XP level 1. HP: 23/23 MP: 1/1
    17 | D:5      | Noticed an orc priest
    37 | D:6      | Noticed a howler monkey
    37 | D:6      | Noticed a water moccasin
   140 | D:6      | Noticed an orc warrior
   144 | D:6      | Killed a howler monkey
   145 | D:6      | Reached skill level 1 in Invocations
   145 | D:6      | Reached XP level 2. HP: 21/29 MP: 1/3
   145 | D:6      | Reached XP level 3. HP: 25/35 MP: 1/4
   153 | D:6      | Mangled by an orc warrior

Illustrated notes

Levels and vault maps discovered:
D:5:      layout_basic, minmay_strange_pillars, uniq_grinder
D:6:      layout_basic, minmay_temple_entry_antechambers,
          gammafunk_ghost_cemetery

Skill      XL: |  1 |
---------------+----+-----
Stealth        | |  9.6
Invocations    | 1 |  1.0
Fighting       | |  6.5
Short Blades   | |  4.5
Long Blades    | |  0.8
Axes           | |  0.8
Maces & Flails | |  0.8
Polearms       | |  0.8
Staves         | |  0.8
Slings         | |  0.8
Bows           | |  0.8
Crossbows      | |  0.8
Throwing       | |  0.8
Armour         | |  0.8
Dodging        | |  4.5
Shields        | |  0.8
Unarmed Combat | |  0.8
Spellcasting   | |  0.8
Conjurations   | |  0.5
Hexes          | |  0.5
Summonings     | |  0.5
Necromancy     | |  0.5
Translocations | |  0.5
Transmutations | |  0.5
Fire Magic     | |  0.5
Ice Magic      | |  0.5
Air Magic      | |  0.5
Earth Magic    | |  0.5
Poison Magic   | |  0.5
Evocations     | |  0.8

Action                   || total
-------------------------++-------
Melee: Short sword       ||    16
       Bite              ||     2
Armor: Leather armour    ||     2
Dodge: Dodged            ||    14

Table legend: (Time is in decaauts)
 A = Elapsed time spent in this place.
 B = Non-inter-level travel time spent in this place.
 C = Inter-level travel time spent in this place.
 D = Time resting spent in this place.
 E = Time spent auto-exploring this place.
 F = Levels seen in this place.
 G = Mean time per level.
                   A        B        C        D        E       F      G
               +--------+--------+--------+--------+--------+-----+--------+
         Total |    150 |    150 |      0 |     80 |     15 |   2 |   75.0 |
       Dungeon |    150 |    150 |      0 |     80 |     15 |   2 |   75.0 |
               +--------+--------+--------+--------+--------+-----+--------+

Top non-repeatable levels by time:
     D:6: 113 daAuts
     D:5: 37 daAuts
